 Dungeon Crawl Stone Soup version 0.25.1-8-g42b30a86e7 (webtiles) character file.

Game seed: 4431503712434674136

47 Clowwww the Skirmisher (level 3, -1/29 HPs)
             Began as a Demonspawn Abyssal Knight on Dec 13, 2020.
             Was a Follower of Lugonu.
             Slain by a water moccasin (4 damage)
             ... on level 2 of the Dungeon.
             The game lasted 00:04:13 (1887 turns).

Clowwww the Skirmisher (Demonspawn Abyssal Knight)  Turns: 1887, Time: 00:04:14

Health: -1/29      AC:  6    Str: 13    XL:     3   Next: 48%
Magic:  4/4        EV: 11    Int: 13    God:    Lugonu [*.....]
Gold:   144        SH:  0    Dex: 12    Spells: 2/2 levels left

rFire    . . .     SeeInvis .   a - +1 hand axe
rCold    . . .     Gourm    .   (no shield)
rNeg     . . .     Faith    .   b - +0 leather armour
rPois    .         Spirit   .   (helmet restricted)
rElec    .         Reflect  .   (no cloak)
rCorr    .         Harm     .   f - +0 pair of gloves
MR       .....                  (no boots)
Stlth    +.........             (no amulet)
HPRegen  0.09/turn              (no ring)
MPRegen  0.09/turn              (no ring)

@: no status effects
A: antennae 1, iridescent scales 1
a: Depart the Abyss, Renounce Religion


You were on level 2 of the Dungeon.
You worshipped Lugonu.
Lugonu was aware of your devotion.
You were not hungry.

You visited 1 branch of the dungeon, and saw 2 of its levels.
You visited the Abyss 1 time.

You collected 144 gold pieces.

Inventory:

Hand Weapons
 a - a +1 hand axe (weapon)
Armour
 b - a +0 leather armour (worn)
 f - a +0 pair of gloves (worn)
Scrolls
 d - a scroll of magic mapping {unknown}
 e - a scroll of teleportation {unknown}
 h - a scroll of enchant weapon {unknown}
 l - a scroll of enchant armour {unknown}
 m - a scroll of fog {unknown}
 n - a scroll of blinking {unknown}
Potions
 g - a potion of resistance {unknown}
 i - a potion of mutation {unknown}
 j - 2 potions of berserk rage {unknown}
Comestibles
 c - 5 rations
 k - 6 chunks of flesh


   Skills:
 + Level 3.4 Fighting
 + Level 2.6 Axes
 + Level 2.0 Armour
 + Level 1.5 Dodging
 + Level 2.6 Invocations


You had 2 spell levels left.
You didn't know any spells.
Your spell library was empty.

Dungeon Overview and Level Annotations

Branches:
Dungeon (2/15)

Altars:
Yredelemnul


Innate Abilities, Weirdness & Mutations

You have a pair of small antennae on your head.
You are partially covered in iridescent scales. (AC +2)


Message History

The water moccasin is heavily wounded.
The water moccasin barely misses you.
You hit the water moccasin but do no damage.
The water moccasin is heavily wounded.
The water moccasin bites you. The water moccasin closely misses you.
You hit the water moccasin.
The water moccasin is heavily wounded.
The water moccasin bites you!
* * * LOW HITPOINT WARNING * * *
The water moccasin closely misses you.
You barely miss the water moccasin.
The water moccasin is heavily wounded.
The water moccasin bites you.
* * * LOW HITPOINT WARNING * * *
Okay, then.
You aren't in the Abyss!
You hit the water moccasin.
The water moccasin is severely wounded.
The water moccasin bites you.
You die...

########### ..........#
.P.P......# .._.......
.P.P.....# ......S..##
####..@..##############
........................
###.)...#..............#
#.....##.............#
#.....##.............#
#.....###............'
.......# #...##.......#
#......# #...#####.#+##
.K..... #...# #.#...


You could see a water moccasin.

Vanquished Creatures
  An adder (D:2)
  A dart slug (D:2)
  2 leopard geckos
  A giant cockroach (D:2)
  A hobgoblin (D:1)
  4 jackals (D:1)
  7 bats
  5 frilled lizards
  2 goblins
  5 kobolds
  7 rats
36 creatures vanquished.

Notes
Turn   | Place    | Note
-------+----------+-------------------------------------------
     0 | Abyss:1  | Clowwww the Demonspawn Abyssal Knight began the quest for
                  | the Orb.
     0 | Abyss:1  | Reached XP level 1. HP: 18/18 MP: 2/2
    42 | Abyss:1  | Noticed a flayed ghost
    43 | Abyss:1  | Noticed a large abomination
    71 | Abyss:1  | Noticed an ancient zyme
    85 | Abyss:1  | Noticed a bone dragon
    92 | D:1      | Escaped the Abyss
   107 | D:1      | Noticed a troll
   107 | D:1      | Noticed a spriggan
   109 | D:1      | Noticed a centaur
   111 | D:1      | Noticed a vine stalker
   113 | D:1      | Noticed a vine stalker
   114 | D:1      | Noticed a naga
   118 | D:1      | Noticed a centaur
   120 | D:1      | Noticed a dwarf
   120 | D:1      | Noticed a vine stalker
   122 | D:1      | Noticed a gargoyle
   122 | D:1      | Noticed a human
   122 | D:1      | Noticed a minotaur
   124 | D:1      | Noticed a ghoul
   489 | D:1      | Gained mutation: You have a pair of small antennae on your
                  | head. [demonic ancestry]
   489 | D:1      | Reached XP level 2. HP: 12/24 MP: 3/3
   507 | D:1      | Reached * piety under Lugonu
   721 | D:1      | Reached skill level 1 in Dodging
  1595 | D:2      | Gained mutation: You are partially covered in iridescent
                  | scales. (AC +2) [demonic ancestry]
  1595 | D:2      | Reached XP level 3. HP: 25/29 MP: 4/4
  1870 | D:2      | Found a basalt altar of Yredelemnul.
  1872 | D:2      | Noticed a water moccasin
  1887 | D:2      | Slain by a water moccasin

Illustrated notes

Levels and vault maps discovered:
D:1:      shiori_arrival_whats_in_store_for_you, layout_basic
D:2:      layout_basic, yredelemnul_altar_generic, minmay_between

Skill      XL: |  1  2  3 |
---------------+----------+-----
Axes           | 2 |  2.6
Dodging        | 1 |  1.5
Armour         | 2 |  2.0
Fighting       | |  3.4
Invocations    | |  2.6

Action                   || total
-------------------------++-------
Melee: Hand axe          ||   159
Invok: Depart the Abyss  ||     1
  Eat: Chunk             ||     3
Armor: Leather armour    ||    58
Dodge: Dodged            ||   136
